 Dungeon Crawl Stone Soup version 0.28.0-53-g5a82cb258f (webtiles) character file.

Game seed: 8035883074226553384

26427 DildoBatman the Peltast (level 13, -2/100 HPs)
             Began as a Formicid Conjurer on July 19, 2022.
             Was an Initiate of Gozag.
             Killed by divine providence
             ... invoked by a meliai
              (13 damage)
             ... on level 12 of the Dungeon.
             The game lasted 01:04:27 (15992 turns).

DildoBatman the Peltast (Formicid Conjurer)        Turns: 15992, Time: 01:04:27

Health: -2/100     AC: 11    Str: 12    XL:     13   Next: 58%
Magic:  4/23       EV: 11    Int: 25    God:    Gozag
Gold:   212        SH: 19    Dex: 15    Spells: 5/26 levels left

rFire   . . .      SeeInvis +   b - +5 falchion (freeze)
rCold   + . .      Faith    .   O - +0 tower shield
rNeg    . . .      Spirit   .   o - +3 troll leather armour
rPois   +          Reflect  .   (helmet unavailable)
rElec   .          Harm     .   j - +0 cloak
rCorr   .          Rampage  .   l - +1 Delatra's gloves {ID++}
Will    +....                   (no boots)
Stlth   ++........              (no amulet)
HPRegen 1.06/turn               v - ring of poison resistance
MPRegen 0.18/turn               q - +6 ring of intelligence

@: invisible
A: permanent stasis, dig shafts and tunnels, antennae 3, four strong arms, agile
1, cold resistance 1, robust 1
a: Dig, Shaft Self, Renounce Religion, Potion Petition, Call Merchant, Bribe
Branch


You were on level 12 of the Dungeon.
You worshipped Gozag.
Gozag was aware of your devotion.
You visited 3 branches of the dungeon, and saw 15 of its levels.

You collected 1483 gold pieces.
You spent 810 gold pieces at shops.
You paid 461 gold pieces to Gozag.

Inventory:

Hand Weapons
 a - a +3 halberd of freezing
 b - a +5 falchion of freezing (weapon)
 c - a +1 fustibalus of flaming
Missiles
 d - 138 sling bullets
 i - 5 javelins
 k - 372 stones
 m - 426 bolts
 x - 4 silver javelins
 V - 334 arrows
Armour
 j - a +0 cloak (worn)
 l - the +1 Delatra's gloves (worn) {ID++}
   (You found it on level 2 of the Dungeon)

   It heals its wearer when they drink unknown potions.
   It restores its wearer's MP when they read unknown scrolls.
 o - a +3 troll leather armour (worn)
 G - the +0 leather armour of Amuapsee {rElec}
   (You found it on level 6 of the Dungeon)

   rElec:     It insulates you from electricity.
 M - +0 acid dragon scales
 O - a +0 tower shield (worn)
Jewellery
 q - a +6 ring of intelligence (right hand)
 v - a ring of poison resistance (left hand)
 R - a ring of protection from fire
Wands
 h - a wand of iceblast (8)
 H - a wand of acid (12)
 K - a wand of flame (4)
 Q - a wand of mindburst (9)
 X - a wand of paralysis (1)
Scrolls
 e - 3 scrolls of amnesia
 n - 5 scrolls of holy word
 r - a scroll of enchant weapon {unknown}
 s - 2 scrolls of fog
 y - 2 scrolls of fear
 z - 9 scrolls of identify
 A - 3 scrolls of summoning
 T - 2 scrolls of immolation
 W - a scroll of magic mapping {unknown}
Potions
 f - 2 potions of brilliance {unknown}
 B - a potion of lignification {unknown}
 C - 2 potions of resistance {unknown}
 D - 2 potions of heal wounds
 E - a potion of flight {unknown}
 F - 2 potions of might {unknown}
 I - 6 potions of curing
 J - a potion of cancellation
 L - a potion of magic {unknown}
 S - 2 potions of mutation


   Skills:
 - Level 5.1 Fighting
 - Level 6.0 Armour
 - Level 4.0 Dodging
 - Level 2.4 Stealth
 - Level 15.0 Shields
 - Level 7.0 Spellcasting
 - Level 6.0 Conjurations
 - Level 12.0 Necromancy
 * Level 2.2 Ice Magic
 * Level 7.6 Earth Magic


You had 5 spell levels left.
You knew the following spells:

 Your Spells              Type           Power      Damage    Failure   Level
a - Searing Ray           Conj           76%        2d7       2%          2
b - Iron Shot             Conj/Erth      21%        9d5       90%         6
c - Magic Dart            Conj           100%       1d8       1%          1
d - Vampiric Draining     Necr           62%        2d10      1%          3
e - Frozen Ramparts       Ice            38%        1d5       26%         3
h - Dispel Undead         Necr           62%        3d22      1%          4
z - Sublimation of Blood  Necr           62%        N/A       1%          2

Your spell library contained the following spells:

 Spells                   Type           Power      Damage    Failure   Level
 Animate Skeleton         Necr           100%       N/A       1%          1
 Animate Dead             Necr           31%        N/A       1%          4
 Corpse Rot               Necr/Air       76%        N/A       2%          2
 Agony                    Necr           62%        N/A       4%          5
 Excruciating Wounds      Necr           31%        N/A       4%          5
 Dazzling Flash           Conj/Hex       46%        N/A       19%         3
 Anguish                  Hex/Necr       19%        N/A       19%         4
 Sting                    Tmut/Pois      32%        1d4       22%         1
 Poisonous Vapours        Pois/Air       16%        N/A       32%         2
 Petrify                  Tmut/Erth      27%        N/A       41%         4
 Spider Form              Tmut/Pois      8%         N/A       54%         3
 Fulminant Prism          Conj/Hex       11%        3d9       54%         4
 Iskenderun's Mystic Bla  Conj/Tloc      23%        2d6       54%         4
 Ice Form                 Ice/Tmut       14%        N/A       80%         4
 Summon Ice Beast         Ice/Summ       14%        N/A       80%         4
 Irradiate                Conj/Tmut      11%        3d17      87%         5
 Olgreb's Toxic Radiance  Pois           8%         N/A       91%         4
 Silence                  Hex/Air        4%         N/A       99%         5
 Simulacrum               Ice/Necr       22%        N/A       88%         6
 Haunt                    Necr/Summ      19%        N/A       100%        7
 Borgnjor's Revivificati  Necr           31%        N/A       100%        8
 Infestation              Necr           31%        N/A       100%        8
 Necromutation            Tmut/Necr      19%        N/A       100%        8
 Death's Door             Necr           31%        N/A       100%        9


Dungeon Overview and Level Annotations

Branches:
Dungeon (12/15)            Temple (1/1) D:5            Lair (0/6) D:8
    Orc (2/2) D:11            Elf (0/3) Orc:2

Altars:
Ashenzari
Cheibriados
Dithmenos
Elyvilon
Fedhas
Gozag
Hepliaklqana
Kikubaaqudgha
Makhleb
Nemelex Xobeh
Okawaru
Qazlal
Ru
Sif Muna
Trog
Uskayaw
Vehumet
Wu Jian
Xom
Yredelemnul
Zin
The Shining One

Shops:
D:11 [   Orc:2 [(

Annotations:
D:10 Sonja


Innate Abilities, Weirdness & Mutations

You cannot be hasted, slowed, berserked, paralysed or teleported.
You can dig through walls and to a lower floor.
You have a pair of large antennae on your head. (SInv)
Your four strong arms can wield two-handed weapons with a shield.
You are agile. (Dex +2)
Your flesh is cold resistant. (rC+)
You are robust. (+10% HP)


Message History

There is an open door here.
You block the killer bee's attack. You block the killer bee's attack.
You block the killer bee's attack.
The killer bee stings you but does no damage.
The meliai invokes the aid of its god against you.
Something smites you! You block the meliai's attack. x2
The killer bee stings you! You block the meliai's attack. x2
The killer bee stings you but does no damage.
There is an open door here.
You block the meliai's attack. The meliai stings you!
You feel much better. You block the meliai's attack. x2
The meliai calls down the wrath of its god upon you.
Something smites you!
It was a potion of cancellation.
You feel magically purged.
The energy of discovery flows from your fingertips!
You feel much better. You block the meliai's attack. x2
The meliai invokes the aid of its god against you.
Something smites you!
You fade into invisibility!
You block the meliai's attack. x2
The meliai hits you with a +0 hand axe. You block the meliai's attack.
You hit the meliai. You freeze the meliai.
The meliai is heavily wounded.
You block the meliai's attack. x3
The meliai stings you but does no damage.
The meliai hits you with a +0 hand axe! The meliai barely misses you.
The meliai invokes the aid of its god against you.
Something smites you!
You die...
Your body crumbles into a pile of gold.

#........### {y{...
#........'y##{{{...
#........#..{yyy...
#........####{{y!.!
#.yy.y...# {y..!.
#.yyy.{..# +###
###y###### #y#
###@# #...# #[###
##
##(###########....
#.......##........
#.......##.###...>
#...<...##.# .
#.......##.#
#..<....'..#


You could see 2 meliai and 5 killer bees.

Vanquished Creatures
  An orc warlord (D:11)
  Snorg (Orc:1)
  2 two-headed ogres
  5 skeletal warriors (D:11)
  An orc knight (Orc:2)
  3 orc sorcerers
  An ugly thing (D:12)
  2 manticores (D:11)
  3 cyclopes
  Joseph (D:8)
  2 unseen horrors
  A kobold demonologist (D:12)
  3 trolls
  A queen bee (D:12)
  A meliai (D:12)
  7 slime creatures
  3 wraiths (D:10)
  2 wyverns
  14 yaks
  3 steam dragons
  4 wargs
  3 acid dragons
  A water moccasin (D:5)
  A black bear (D:5)
  An ice beast (D:6)
  37 orc warriors
  5 necrophages
  A human skeleton (D:12)
  4 ogres
  15 centaurs
  A phantom (D:4)
  A kobold brigand (D:9)
  5 bullfrogs
  4 scorpions
  A wyvern skeleton (D:5)
  A warg zombie (Orc:2)
  13 killer bees
  18 wights
  6 electric eels (D:10)
  A howler monkey (D:10)
  2 centaur zombies
  3 bullfrog zombies
  4 jellies
  10 orc priests
  5 bullfrog skeletons
  5 hounds
  A gnoll shaman (D:6)
  2 centaur skeletons
  4 iguanas
  22 orc wizards
  A killer bee zombie (D:8)
  A howler monkey skeleton (D:4)
  8 adders
  9 gnolls (D:6)
  An orc zombie (Orc:2)
  2 ufetubi
  An adder skeleton (D:12)
  A worm (D:2)
  A dart slug (D:3)
  72 orcs
  3 endoplasms
  4 giant cockroaches
  3 goblins
  8 hobgoblins
  11 kobolds
  4 quokkas
  5 ball pythons
  3 bats
  6 frilled lizards
  An orc skeleton (D:12)
  3 rats
386 creatures vanquished.

Notes
Turn   | Place    | Note
-------+----------+-------------------------------------------
     0 | D:1      | DildoBatman the Formicid Conjurer began the quest for the
                  | Orb.
     0 | D:1      | Reached XP level 1. HP: 13/13 MP: 3/3
   213 | D:1      | Reached XP level 2. HP: 20/20 MP: 5/5
   216 | D:1      | Learned a level 2 spell: Searing Ray
   583 | D:1      | Found a faded altar of an unknown god.
   629 | D:1      | Reached skill level 1 in Fighting
   629 | D:1      | Reached skill level 1 in Armour
   629 | D:1      | Reached XP level 3. HP: 20/26 MP: 1/6
   986 | D:2      | Reached XP level 4. HP: 27/32 MP: 5/8
   993 | D:2      | Found the +1 Delatra's gloves {ID++}
  1490 | D:3      | Reached XP level 5. HP: 38/38 MP: 7/9
  2163 | D:4      | Noticed a necrophage
  2167 | D:4      | Killed a necrophage
  2168 | D:4      | Reached XP level 6. HP: 45/46 MP: 5/11
  2376 | D:4      | Reached XP level 7. HP: 52/52 MP: 2/13
  2382 | D:4      | You fall into a shaft and drop 3 floors!
  2462 | D:7      | Noticed a steam dragon
  2469 | D:7      | Noticed a cyclops
  2510 | D:7      | Reached skill level 5 in Conjurations
  2514 | D:7      | HP: 1/51 [poisoned by a killer bee]
  2560 | D:7      | Found an opulent altar of Gozag.
  2746 | D:7      | Reached skill level 5 in Spellcasting
  2967 | D:7      | Reached XP level 8. HP: 55/58 MP: 6/15
  3969 | D:5      | Entered Level 5 of the Dungeon
  3974 | D:5      | Found a staircase to the Ecumenical Temple.
  3981 | Temple   | Entered the Ecumenical Temple
  4243 | Temple   | Became a worshipper of Kikubaaqudgha
  4440 | D:5      | Reached XP level 9. HP: 65/65 MP: 13/19
  4697 | D:5      | Reached skill level 5 in Armour
  4765 | D:5      | Reached skill level 5 in Fighting
  6233 | D:6      | Reached * piety under Kikubaaqudgha
  6233 | D:6      | Received a gift from Kikubaaqudgha
  6258 | D:6      | Reached skill level 1 in Necromancy
  6308 | D:6      | Learned a level 2 spell: Sublimation of Blood
  6312 | D:6      | Learned a level 3 spell: Vampiric Draining
  6342 | D:6      | Identified the +0 leather armour of Amuapsee {rElec}
  6587 | D:6      | Reached XP level 10. HP: 60/74 MP: 12/20
  6591 | D:6      | Reached skill level 5 in Necromancy
  7191 | D:7      | Noticed an unseen horror
  7410 | D:7      | Reached ** piety under Kikubaaqudgha
  7413 | D:7      | Gained mutation: Potions are less effective at restoring
                  | your health. [potion of mutation]
  7413 | D:7      | Gained mutation: You are dopey. (Int -2) [potion of
                  | mutation]
  7413 | D:7      | Gained mutation: You are agile. (Dex +2) [potion of
                  | mutation]
  7414 | D:7      | Lost mutation: You are dopey. (Int -2) [potion of mutation]
  7414 | D:7      | Lost mutation: Potions are less effective at restoring your
                  | health. [potion of mutation]
  7414 | D:7      | Gained mutation: You are robust. (+10% HP) [potion of
                  | mutation]
  7414 | D:7      | Gained mutation: Your flesh is cold resistant. (rC+)
                  | [potion of mutation]
  7940 | D:8      | Found a staircase to the Lair.
  8067 | D:8      | Got the Disquisition on Toxic Confrontation
  8075 | D:8      | Learned a level 6 spell: Iron Shot
  8106 | D:8      | Reached skill level 1 in Earth Magic
  8507 | D:8      | Reached XP level 11. HP: 79/84 MP: 10/21
  8691 | D:8      | Noticed Joseph
  8722 | D:8      | Reached *** piety under Kikubaaqudgha
  8722 | D:8      | Received a gift from Kikubaaqudgha
  8728 | D:8      | Learned a level 4 spell: Dispel Undead
  8870 | D:8      | Reached skill level 10 in Necromancy
  9140 | D:7      | Reached skill level 5 in Earth Magic
  9219 | D:7      | Killed a cyclops
  9220 | D:7      | Reached skill level 3 in Shields
  9324 | D:7      | Reached skill level 4 in Shields
  9348 | D:7      | Noticed a cyclops
  9362 | D:7      | Killed a cyclops
  9507 | D:8      | Reached skill level 5 in Shields
  9516 | D:8      | Killed Joseph
  9795 | D:9      | Reached skill level 6 in Shields
  9856 | D:9      | Reached skill level 7 in Shields
 10067 | D:9      | Reached **** piety under Kikubaaqudgha
 10595 | D:9      | Reached skill level 8 in Shields
 10770 | D:10     | Entered Level 10 of the Dungeon
 10780 | D:10     | Noticed Sonja
 10963 | D:10     | Found a shadowy altar of Dithmenos.
 11323 | D:10     | Reached skill level 9 in Shields
 11519 | D:10     | Found a shimmering altar of Xom.
 11519 | D:10     | Noticed a two-headed ogre
 11546 | D:10     | Killed a two-headed ogre
 11547 | D:10     | Reached skill level 10 in Shields
 11547 | D:10     | Reached XP level 12. HP: 45/94 MP: 9/22
 11917 | D:11     | Found a staircase to the Orcish Mines.
 12013 | D:11     | Reached skill level 11 in Shields
 12177 | D:11     | Found Funkonargh's Armour Emporium.
 12204 | D:11     | Found a radiant altar of Vehumet.
 12294 | D:11     | Noticed a skeletal warrior
 12327 | D:11     | Noticed a skeletal warrior
 12327 | D:11     | Noticed a skeletal warrior
 12327 | D:11     | Noticed a skeletal warrior
 12327 | D:11     | Noticed a skeletal warrior
 12348 | D:11     | Killed a skeletal warrior
 12349 | D:11     | Reached skill level 12 in Shields
 12358 | D:11     | Killed a skeletal warrior
 12411 | D:11     | Killed a skeletal warrior
 12476 | D:11     | Killed a skeletal warrior
 12485 | D:11     | Killed a skeletal warrior
 12486 | D:11     | Reached skill level 13 in Shields
 12588 | D:11     | Noticed a two-headed ogre
 12604 | D:11     | Killed a two-headed ogre
 12660 | D:11     | Learned a level 3 spell: Frozen Ramparts
 12947 | Orc:1    | Entered Level 1 of the Orcish Mines
 12954 | Orc:1    | Reached ***** piety under Kikubaaqudgha
 13313 | Orc:1    | Reached skill level 14 in Shields
 13354 | Orc:1    | Noticed Snorg
 13368 | Orc:1    | Killed Snorg
 13472 | Orc:2    | Entered Level 2 of the Orcish Mines
 13473 | Orc:2    | Found a staircase to the Elven Halls.
 13727 | Orc:2    | Reached XP level 13. HP: 90/99 MP: 14/23
 13762 | Orc:2    | Reached skill level 15 in Shields
 13838 | Orc:2    | Noticed an orc warlord
 14090 | D:11     | Killed an orc warlord
 14691 | Orc:2    | Reached ****** piety under Kikubaaqudgha
 14696 | Orc:2    | Received a gift from Kikubaaqudgha
 14761 | D:11     | Fell from the grace of Kikubaaqudgha
 14906 | D:7      | Became a worshipper of Gozag Ym Sagoz the Greedy
 15398 | Orc:2    | Found Lankotipy's Distillery.
 15398 | Orc:2    | Found Fiul's Weapon Boutique.
 15400 | Orc:2    | Found Forph's Armour Shop.
 15402 | Orc:2    | Found Jibruig's Magic Scroll Shoppe.
 15407 | Orc:2    | Bought a scroll of enchant armour for 135 gold pieces
 15407 | Orc:2    | Bought a scroll of enchant armour for 135 gold pieces
 15407 | Orc:2    | Bought a scroll of identify for 36 gold pieces
 15407 | Orc:2    | Bought a scroll of identify for 36 gold pieces
 15407 | Orc:2    | Bought a scroll of immolation for 63 gold pieces
 15407 | Orc:2    | Bought a scroll of fear for 63 gold pieces
 15417 | Orc:2    | Bought a scroll of summoning for 171 gold pieces
 15417 | Orc:2    | Bought a scroll of summoning for 171 gold pieces
 15831 | D:12     | Reached skill level 1 in Ice Magic
 15987 | D:12     | HP: 1/100 [meliai/+0 hand axe (9)]
 15992 | D:12     | Killed from afar by a meliai

Illustrated notes

Levels and vault maps discovered:
D:1:      minmay_arrival_split_and_join, layout_rooms,
          hellmonk_ecumenical_altar_leap_of_faith
D:2:      layout_rooms
D:3:      layout_basic
D:4:      layout_layer_cave
D:5:      layout_basic, minmay_temple_entry_junction_2,
          hangedman_decor_diamond_cutter
D:6:      layout_cave_pools, dk_vineyard_1, minmay_bent
D:7:      minmay_the_grid_plus [minmay_the_grid_all_tris,
          minmay_the_grid_plusring, minmay_the_grid_eight,
          minmay_the_grid_square_x, minmay_the_grid_prize_inner_circle],
          layout_basic, mainiacjoe_overflow_brackets, serial_glass,
          glass_columns_a, glass_columns_a, glass_columns_b, glass_columns_a,
          glass_columns_b, glass_columns_a
D:8:      layout_basic, erik_lair_orcish_takeover, uniq_joseph
D:9:      layout_stronghold, nicolae_sextant
D:10:     layout_basic, hangedman_feature_mirror, uniq_sonja
D:11:     layout_stronghold, orc_0_dummy, serial_shops, shop, vehumet_crystals
D:12:     layout_roguey [special_room_bee], serial_park_tiny_pond,
          evilmike_butchery
Temple:   compressed_dpeg_triangle_lava_temple
Orc:1:    layout_diamond_mine, uniq_snorg
Orc:2:    st_orc_rangers, layout_diamond_mine

Skill      XL: |  1  2  3  4  5  6  7  8  9 10 11 12 13 |
---------------+----------------------------------------+-----
Dodging        | 2 4 |  4.0
Fighting       | 1 2 3 4 5 |  5.1
Armour         | 1 2 3 4 6 |  6.0
Conjurations   | 4 5 6 |  6.0
Spellcasting   | 3 4 5 7 |  7.0
Necromancy     | 4 9 10 12 | 12.0
Earth Magic    | 2 5 7 |  7.6
Shields        | 10 14 15 | 15.0
Ice Magic      | 2 |  2.2
Stealth        | |  2.4

Action                   |  1- 3 |  4- 6 |  7- 9 | 10-12 | 13-15 || total
-------------------------+-------+-------+-------+-------+-------++-------
Melee: Quarterstaff      |    35 |    34 |    12 |       |       ||    81
       Rapier            |       |       |     8 |    41 |       ||    49
       Long sword        |       |       |       |     5 |       ||     5
       Halberd           |       |       |       |     9 |     5 ||    14
       Punch             |       |       |       |     3 |       ||     3
       Falchion          |       |       |       |   331 |   235 ||   566
 Fire: Hunting sling     |       |    23 |    63 |    24 |       ||   110
       Fustibalus        |       |       |       |       |    44 ||    44
 Cast: Magic Dart        |    28 |    26 |     9 |    34 |     2 ||    99
       Searing Ray       |     3 |    16 |    63 |    46 |    11 ||   139
       Sublimation of Bl |       |       |     1 |     7 |    12 ||    20
       Vampiric Draining |       |       |       |   121 |    84 ||   205
       Dispel Undead     |       |       |       |    17 |       ||    17
Invok: Receive Forbidden |       |       |       |       |     1 ||     1
       Renounce Religion |       |       |       |       |     1 ||     1
 Abil: Dig               |       |       |     2 |     4 |     3 ||     9
Evoke: Wand              |       |       |       |     5 |     1 ||     6
  Use: Scroll            |       |     2 |     1 |     5 |     3 ||    11
       Potion            |       |       |     5 |     2 |     3 ||    10
 Stab: Sleeping          |     2 |       |       |     5 |       ||     7
       Distracted        |     1 |       |       |       |       ||     1
Armor: Robe              |     7 |     1 |       |       |       ||     8
       Ring mail         |       |    23 |    29 |       |       ||    52
       Steam dragon scal |       |       |    30 |    71 |       ||   101
       Troll leather arm |       |       |       |    53 |    85 ||   138
Dodge: Dodged            |    31 |    52 |   107 |   248 |   129 ||   567
Block: Tower shield      |       |       |       |   382 |   462 ||   844
